 Dungeon Crawl Stone Soup version 0.29-a0-542-g075992c915 (webtiles) character file.

Game seed: 9759526001732561173

19417 valliere the Basher (level 12, -9/71 HPs)
             Began as a Gargoyle Fighter on June 3, 2022.
             Was a Priest of Hepliaklqana.
             Mangled by an ettin
             ... wielding a +0 dire flail
              (10 damage)
             ... on level 2 of the Orcish Mines on June 4, 2022.
             The game lasted 00:50:11 (11702 turns).

valliere the Basher (Gargoyle Fighter)             Turns: 11702, Time: 00:50:12

Health: -9/71      AC: 19    Str: 37    XL:     12   Next: 68%
Magic:  12/12      EV:  8    Int:  9    God:    Hepliaklqana [***...]
Gold:   815        SH:  0    Dex:  9    Spells: 11/11 levels left

rFire   . . .      SeeInvis .   L - +7 whip "Xael" {venom, *Noise Str+6}
rCold   . . .      Faith    .   p - +0 tower shield
rNeg    + . .      Spirit   .   E - +1 troll leather armour
rPois   ∞          Reflect  .   (no helmet)
rElec   +          Harm     .   (no cloak)
rCorr   .          Rampage  .   W - +1 pair of gloves
Will    .....                   A - +0 pair of boots
Stlth   ..........              (no amulet)
HPRegen 1.01/turn               l - +4 ring of slaying
MPRegen 0.13/turn               m - +6 ring of strength

@: confused, mighty, ambrosia-drunk
A: reduced essence, sickness immunity, AC +8, negative energy resistance 1,
electricity resistance, torment resistance 1, petrification resistance
a: Renounce Religion, Recall Ancestor, Ancestor Identity, Transference


You were on level 2 of the Orcish Mines.
You worshipped Hepliaklqana.
Hepliaklqana was most pleased with you.
You visited 3 branches of the dungeon, and saw 15 of its levels.
You also visited: Ossuary and Bailey.

You collected 815 gold pieces.

Inventory:

Hand Weapons
 w - a +4 whip of flaming
 L - the +7 whip "Xael" (weapon) {venom, *Noise Str+6}
   (You found it on level 9 of the Dungeon)

   It poisons the flesh of those it strikes.
   Str:       It affects your strength (+6).
   *Noise:    It may make noises in combat.
 U - the +9 staff of Olgreb {rPois∞}
   (You found it on level 6 of the Dungeon)

   If the wielder is skilled in Evocations, they can envenom those struck by it,
   dealing poison damage which bypasses armour.
   It enhances your poison magic.
   It grants immunity to poison.
   It can be activated via the 'a'bility menu to radiate toxic energy, with
   effectiveness depending on Evocations skill.
Armour
 p - a +0 tower shield (worn)
 A - a +0 pair of boots (worn)
 E - a +1 troll leather armour (worn)
 F - the +1 robe of Vines {NoPotionHeal Regen++++}
   (You found it on level 8 of the Dungeon)

   Its wearer cannot be healed by potions.
   Regen:     It increases your rate of health regeneration.
 G - +0 acid dragon scales
 P - a +0 plate armour
 W - a +1 pair of gloves (worn)
Jewellery
 l - a +4 ring of slaying (left hand)
 m - a +6 ring of strength (right hand)
 n - a ring of positive energy
 u - a ring of flight
 y - a ring of protection from cold
 Y - a ring of magical power
Wands
 s - a wand of mindburst (3)
 O - a wand of paralysis (10)
 T - a wand of charming (8)
 V - a wand of iceblast (3)
 X - a wand of polymorph (10)
Scrolls
 a - a scroll of enchant armour
 b - a scroll of identify
 e - a scroll of magic mapping
 o - 10 scrolls of teleportation
 t - a scroll of blinking
 B - 2 scrolls of vulnerability
 D - a scroll of fog
 M - 2 scrolls of immolation
 N - 2 scrolls of enchant weapon
Potions
 f - 2 potions of flight
 g - 8 potions of brilliance
 h - a potion of berserk rage
 k - 4 potions of cancellation
 q - 3 potions of lignification
 z - a potion of curing {unknown}
 C - a potion of resistance {unknown}
 H - 5 potions of haste
 I - 5 potions of magic {unknown}
 J - 2 potions of mutation {unknown}
 K - 5 potions of invisibility {unknown}
 R - 2 potions of might
Miscellaneous
 Z - a lightning rod (4/4)


   Skills:
 + Level 10.7 Fighting
 * Level 13.3 Maces & Flails
 + Level 10.8 Armour
 + Level 10.1 Shields
 + Level 2.3 Evocations


You had 11 spell levels left.
You didn't know any spells.
Your spell library contained the following spells:

 Spells                   Type           Power      Damage    Failure   Level
 Necrotize                Necr           0%         1d4       95%         1
 Sting                    Tmut/Pois      0%         1d3       95%         1
 Summon Small Mammal      Summ           0%         N/A       95%         1
 Poisonous Vapours        Pois/Air       0%         N/A       99%         2
 Static Discharge         Conj/Air       0%         N/A       99%         2
 Call Canine Familiar     Summ           0%         N/A       100%        3
 Conjure Flame            Conj/Fire      0%         6-21      100%        3
 Ignite Poison            Fire/Tmut/Pois 0%         N/A       100%        3
 Summon Guardian Golem    Hex/Summ       0%         N/A       100%        3
 Vampiric Draining        Necr           0%         2d6       100%        3
 Animate Armour           Summ/Erth      0%         N/A       100%        4
 Dispel Undead            Necr           0%         3d6       100%        4
 Olgreb's Toxic Radiance  Pois           0%         N/A       100%        4
 Passage of Golubria      Tloc           0%         N/A       100%        4
 Petrify                  Tmut/Erth      0%         N/A       100%        4
 Sticky Flame             Conj/Fire      0%         2d3       100%        4
 Agony                    Necr           0%         N/A       100%        5
 Blade Hands              Tmut           0%         N/A       100%        5
 Metabolic Englaciation   Hex/Ice        0%         N/A       100%        5
 Silence                  Hex/Air        0%         N/A       100%        5
 Iron Shot                Conj/Erth      0%         9d1       100%        6
 Malign Gateway           Summ/Tloc      0%         N/A       100%        7
 Lehudib's Crystal Spear  Conj/Erth      0%         10d2      100%        8
 Summon Horrible Things   Summ           0%         N/A       100%        8
 Statue Form              Tmut/Erth      Unusable   N/A       N/A         6

Dungeon Overview and Level Annotations

Branches:
Dungeon (12/15)            Temple (1/1) D:5            Lair (0/6) D:11
    Orc (2/2) D:10        Ossuary (visited)          Bailey (visited)
    Elf: Orc:2

Altars:
Ashenzari
Cheibriados
Dithmenos
Elyvilon
Fedhas
Gozag
Hepliaklqana
Kikubaaqudgha
Makhleb
Nemelex Xobeh
Okawaru
Qazlal
Ru
Sif Muna
Trog
Uskayaw
Vehumet
Wu Jian
Xom
Yredelemnul
Zin
The Shining One

Shops:
D:1 *   D:8 [

Annotations:
D:2 Sigmund
D:6 1 runed translucent door
D:10 exclusion: 2 obsidian statues
Orc:1 Urug


Innate Abilities, Weirdness & Mutations

Your life essence is reduced to manifest your ancestor. (-10% HP)
You are immune to sickness and miasma.
Your stone body is resilient. (AC +8)
You are immune to poison.
You resist negative energy. (rN+)
You are resistant to electric shocks. (rElec)
You are resistant to unholy torment.
You are immune to petrification.


Message History

The ettin is heavily wounded.
The orc wizard closely misses you. The troll barely misses you.
You block the troll's attack. The troll claws you but does no damage.
You block the ettin's attack.
The ettin hits you with a +0 dire flail!
Njabulo hits the ettin with a +0 flail.
You completely miss the ettin.
The ettin is heavily wounded.
An orc comes into view. It is wielding a +0 hand axe.
The orc wizard gestures at you while chanting.
You block the puff of flame. You block the ettin's attack.
The ettin hits you with a +0 dire flail!!
The troll completely misses you. The troll claws you but does no damage.
The troll claws you.
Njabulo barely misses the ettin.
The ogre barely misses Njabulo.
You barely miss the ettin.
The ettin is heavily wounded.
The orc shouts!
You block the orc wizard's attack. You block the troll's attack.
The troll claws you but does no damage. The troll claws you.
Njabulo hits the ettin with a +0 flail.
The ettin hits you with a +0 dire flail!!
* * * LOW HITPOINT WARNING * * *
The ettin barely misses you.
You are confused.
You feel invigorated.
The ogre hits Njabulo with a +0 giant spiked club.
Njabulo hits the ettin with a +0 flail.
Njabulo blocks the ettin's attack.
The ettin hits Njabulo with a +0 dire flail!!
Njabulo is destroyed!
The troll bites you but does no damage. The troll claws you!
* * * LOW HITPOINT WARNING * * *
The troll claws you but does no damage.
The orc wizard hits you but does no damage.
You feel very mighty all of a sudden.
An ogre comes into view. It is wielding a +0 giant club.
The ettin hits you with a +0 dire flail!
* * * LOW HITPOINT WARNING * * *
The ettin hits you with a +0 dire flail!
You die...

## ## ###
##.##.##.... ##.
#.....o....O
.....#.C@o..o...
.......OTo......
............####
............#
.............#
..............#
#............##
..$..#.........
...............


You could see an ettin (very poisoned), a troll, an orc warrior, 2 ogres, an orc
wizard (poisoned) and 2 orcs.

Vanquished Creatures
  A boulder beetle (D:12)
  2 hydras
  2 two-headed ogres
  A manticore (D:12)
  Joseph (D:9)
  A gargoyle (D:12)
  A kobold demonologist (D:12)
  7 trolls
  20 yaks
  A shadow (D:12)
  A vampire (D:11)
  2 wyverns
  2 basilisks
  5 redbacks (D:6)
  6 vampire mosquitoes
  A steam dragon (D:9)
  2 acid dragons
  3 water moccasins
  5 orc warriors
  A hornet zombie (D:4)
  An ice beast (D:5)
  A sky beast (D:6)
  3 black bears
  4 ogres
  2 centaurs
  2 kobold brigands
  2 bullfrogs
  A gnoll sergeant (D:5)
  3 necrophages
  11 scorpions
  9 wights
  The ghost of oldriver the Skirmisher, a weakling PaWn (D:4)
  14 killer bees
  2 howler monkeys (D:7)
  A bullfrog zombie (D:4)
  A human zombie (Ossuary)
  A gnoll shaman (D:8)
  3 hounds
  2 jellies (D:6)
  6 orc priests
  A bullfrog skeleton (D:4)
  Natasha (thrice) (D:2)
  6 iguanas
  11 orc wizards
  3 mummies (Ossuary)
  25 gnolls
  12 adders
  A shadow imp (D:5)
  2 white imps
  2 ufetubi
  45 orcs
  5 ball pythons
  An endoplasm (D:2)
  2 giant cockroaches
  9 goblins
  4 hobgoblins
  3 jackals (D:1)
  4 quokkas
  7 bats
  5 frilled lizards
  2 goblin zombies (Ossuary)
  A hobgoblin zombie (Ossuary)
  20 kobolds
  A kobold zombie (Ossuary)
  An orc zombie (Ossuary)
  7 rats
  2 rat zombies (Ossuary)
320 creatures vanquished.

Vanquished Creatures (collateral kills)
  An ugly thing (D:12)
  A manticore (D:11)
  A troll (D:12)
  A slime creature (D:12)
  6 yaks
  A basilisk (D:12)
  2 acid dragons (D:12)
  An orc warrior (D:10)
  A killer bee (D:8)
  6 orc wizards
  2 gnolls (D:8)
  8 orcs
  A hobgoblin zombie (Ossuary)
  A jackal zombie (Ossuary)
  A kobold zombie (Ossuary)
  A rat zombie (Ossuary)
35 creatures vanquished.

Vanquished Creatures (others)
  6 knights
  4 ancestors
  9 fungi (D:5)
  16 plants (D:8)
  5 toadstools (D:5)
40 creatures vanquished.

Grand Total: 395 creatures vanquished

Notes
Turn   | Place    | Note
-------+----------+-------------------------------------------
     0 | D:1      | valliere the Gargoyle Fighter began the quest for the Orb.
     0 | D:1      | Reached XP level 1. HP: 14/14 MP: 1/1
   104 | D:1      | Reached XP level 2. HP: 19/19 MP: 2/2
   308 | D:1      | Found Tuocuh's Assorted Antiques.
   818 | D:2      | Reached XP level 3. HP: 14/23 MP: 3/3
   956 | D:2      | Reached skill level 3 in Maces & Flails
  1073 | D:2      | Reached XP level 4. HP: 20/29 MP: 4/4
  1269 | D:2      | Noticed Natasha
  1274 | D:2      | Killed Natasha
  1292 | D:2      | Noticed Natasha
  1303 | D:2      | Killed Natasha
  1304 | D:2      | Reached XP level 5. HP: 14/33 MP: 5/5
  1308 | D:2      | Noticed Natasha
  1335 | D:2      | Killed Natasha
  1336 | D:2      | Reached skill level 4 in Maces & Flails
  1525 | D:2      | Noticed Sigmund
  1538 | D:3      | Noticed an ogre
  1547 | D:3      | Killed an ogre
  1548 | D:3      | Reached XP level 6. HP: 15/39 MP: 6/6
  2701 | D:4      | Reached skill level 5 in Maces & Flails
  2708 | D:4      | Reached skill level 5 in Fighting
  2708 | D:4      | Reached XP level 7. HP: 40/44 MP: 7/7
  2739 | D:4      | Identified the +9 dagger of Saltpetre {pain, +Blink rCorr
                  | Dex+2}
  2762 | D:4      | Reached skill level 5 in Armour
  2844 | D:4      | Found a transporter.
  2849 | D:4      | Noticed oldriver's ghost (weakling PaWn)
  2862 | D:4      | Found a transporter.
  3414 | D:4      | Reached skill level 6 in Maces & Flails
  3424 | D:4      | Killed oldriver's ghost
  3429 | D:4      | Reached XP level 8. HP: 12/50 MP: 8/8
  3733 | D:5      | Entered Level 5 of the Dungeon
  3971 | D:5      | Found a staircase to the Ecumenical Temple.
  3982 | Temple   | Entered the Ecumenical Temple
  4147 | Temple   | Became a worshipper of Hepliaklqana the Forgotten
  4225 | D:5      | Reached skill level 7 in Maces & Flails
  4246 | D:5      | Reached skill level 5 in Shields
  4552 | D:5      | Noticed a slime creature
  5250 | D:6      | Reached XP level 9. HP: 56/56 MP: 9/9
  5328 | D:6      | Found a runed translucent door.
  5361 | D:6      | Found the +9 staff of Olgreb {rPois∞}
  5411 | D:6      | Found a runed translucent gate.
  5412 | D:6      | Found a runed translucent gate.
  5413 | D:6      | Found a runed translucent door.
  5461 | D:6      | Found a runed translucent gate.
  5492 | D:6      | Reached skill level 8 in Maces & Flails
  5564 | D:6      | You fall into a shaft and drop 2 floors!
  5704 | D:8      | Reached * piety under Hepliaklqana
  5735 | D:8      | Found Qydul's Antique Armour Shoppe.
  5999 | D:8      | Noticed a troll
  6013 | D:8      | Killed a troll
  6193 | D:8      | Noticed a troll
  6199 | D:8      | Killed a troll
  6200 | D:8      | Reached skill level 9 in Maces & Flails
  6236 | D:8      | Found the +1 robe of Vines {NoPotionHeal Regen++++}
  6284 | D:8      | Noticed a four-headed hydra
  6292 | D:8      | Killed a four-headed hydra
  6293 | D:8      | Reached XP level 10. HP: 40/57 MP: 10/10
  6544 | D:8      | Identified the +5 dagger of Mucuebuq {flame, Str+4}
  6633 | D:9      | Noticed Joseph
  6651 | D:9      | Killed Joseph
  6701 | D:9      | Reached skill level 10 in Maces & Flails
  6765 | D:9      | Found a flagged portal.
  6771 | Bailey   | Entered a bailey
  7169 | D:9      | Identified the +7 whip "Xael" {venom, *Noise Str+6}
  7516 | D:9      | Found a burning altar of Makhleb.
  7518 | D:9      | Noticed a blizzard demon
  7522 | D:9      | Noticed an orange demon
  7784 | D:9      | Reached XP level 11. HP: 62/62 MP: 11/11
  7836 | D:10     | Entered Level 10 of the Dungeon
  7900 | D:10     | Reached skill level 11 in Maces & Flails
  8046 | D:10     | Noticed an obsidian statue
  8046 | D:10     | Noticed an obsidian statue
  8066 | D:10     | Found a staircase to the Orcish Mines.
  8066 | D:10     | Noticed a two-headed ogre
  8107 | D:10     | Killed a two-headed ogre
  8226 | D:10     | Reached ** piety under Hepliaklqana
  8227 | D:10     | Remembered your ancestor Njabulo as a knight
  8832 | D:7      | Found a sand-covered staircase.
  8840 | Ossuary  | Entered an ossuary
  9431 | D:7      | Found a sparkling altar of Nemelex Xobeh.
  9435 | D:7      | Found an opulent altar of Gozag.
  9438 | D:7      | Found a basalt altar of Yredelemnul.
  9438 | D:7      | Found an ornate altar of the Wu Jian Council.
  9445 | D:7      | Found a broken altar of Ashenzari.
 10036 | D:6      | Reached skill level 12 in Maces & Flails
 10230 | D:11     | Found a staircase to the Lair.
 10241 | D:11     | Reached skill level 10 in Armour
 10243 | D:11     | Reached skill level 10 in Fighting
 10365 | D:11     | Reached XP level 12. HP: 64/69 MP: 12/12
 10429 | D:11     | Reached *** piety under Hepliaklqana
 10594 | D:11     | Noticed a centaur warrior
 10594 | D:11     | Noticed a two-headed ogre
 10602 | D:11     | Noticed a two-headed ogre
 10988 | D:12     | Noticed a two-headed ogre
 11000 | D:12     | Killed a two-headed ogre
 11155 | D:12     | Reached skill level 1 in Evocations
 11193 | D:12     | Noticed a boulder beetle
 11202 | D:12     | Killed a boulder beetle
 11203 | D:12     | Reached skill level 13 in Maces & Flails
 11306 | D:12     | Noticed a seven-headed hydra
 11314 | D:12     | Killed a seven-headed hydra
 11315 | D:12     | Reached skill level 10 in Shields
 11569 | D:12     | Noticed a boulder beetle
 11585 | D:12     | Noticed a tengu reaver
 11588 | D:12     | Noticed a two-headed ogre
 11684 | Orc:1    | Entered Level 1 of the Orcish Mines
 11684 | Orc:1    | Noticed an ettin
 11685 | Orc:1    | Noticed Urug
 11695 | Orc:2    | Entered Level 2 of the Orcish Mines
 11701 | Orc:2    | HP: 3/71 [troll (8)]
 11702 | Orc:2    | HP: 1/71 [ettin/+0 dire flail (8)]
 11702 | Orc:2    | Mangled by an ettin

Illustrated notes

Levels and vault maps discovered:
D:1:      dpeg_arrival_subterranean_lakeside_camping, layout_rooms,
          serial_shops, nicolae_shop_overgrown_old_shop
D:2:      layout_rooms, uniq_sigmund, uniq_natasha
D:3:      layout_rooms, serial_co_window_serial, co_window_paths_a,
          co_window_cross_1, co_window_paths_a, co_window_corner_a,
          co_window_paths_b, co_window_corner_cb, co_window_of_opportunity_c,
          co_window_2corner, co_window_unsneaky_path_a, co_window_cross_4,
          glass_columns_c, glass_columns_b, glass_columns_a, glass_columns_a
D:4:      layout_basic, gammafunk_ghost_mausoleum,
          corexii_item_surrounded_by_moat
D:5:      cheibrodos_fertilizer, layout_loops_ring, temple_pool_b,
          kennysheep_generic_room_8
D:6:      layout_loops_ring, minmay_guarded_unrand_staff_of_olgreb
D:7:      layout_loops_cross, nicolae_overflow_hallway_of_the_gods,
          nicolae_ossuary_entry_monument, corexii_corridor_pit
D:8:      layout_rooms, serial_shops, shop, hellmonk_guarded_unrand_vines
D:9:      layout_basic, makhleb_altar_promises_db, enter_bailey_3, uniq_joseph
D:10:     layout_gridville, david_orc_2, david_greed
D:11:     layout_rooms, david_lair_generic, onia_ninara_dug_in_and_dangerous
D:12:     layout_basic, st_stairs_8, nzn_random_ring
Temple:   nicolae_temple_elliptical
Orc:1:    layout_caves, uniq_urug, uniq_erica
Orc:2:    kennysheep_orc_mage_school, layout_caves, basic_altar,
          nicolae_orc_tapped_out, uniq_maurice

Skill      XL: |  1  2  3  4  5  6  7  8  9 10 11 12 |
---------------+-------------------------------------+-----
Maces & Flails | 3 4 5 6 7 9 10 12 13 | 13.3
Fighting       | 4 5 6 7 8 10 | 10.7
Armour         | 4 5 6 7 8 10 | 10.8
Shields        | 4 5 7 8 9 10 | 10.1
Evocations     | 2 |  2.3

Action                   |  1- 3 |  4- 6 |  7- 9 | 10-12 || total
-------------------------+-------+-------+-------+-------++-------
Melee: Flail             |   107 |     6 |       |       ||   113
       Whip              |       |    98 |   290 |   531 ||   919
Throw: Throwing net      |       |       |       |     2 ||     2
Invok: Ancestor Life: Kn |       |       |       |     1 ||     1
Evoke: Wand              |       |       |       |     3 ||     3
  Use: Potion            |     3 |       |     2 |     6 ||    11
       Scroll            |       |     3 |     5 |    12 ||    20
 Stab: Distracted        |       |       |     3 |     3 ||     6
       Held in net/web   |       |       |       |     1 ||     1
Armor: Scale mail        |    71 |    37 |   123 |       ||   231
       Troll leather arm |       |       |    12 |   155 ||   167
Dodge: Dodged            |    55 |    19 |    67 |   126 ||   267
Block: Buckler           |    26 |    14 |       |       ||    40
       Tower shield      |       |    17 |   209 |   351 ||   577

Table legend: (Time is in decaauts)
 A = Elapsed time spent in this place.
 B = Non-inter-level travel time spent in this place.
 C = Inter-level travel time spent in this place.
 D = Time resting spent in this place.
 E = Time spent auto-exploring this place.
 F = Levels seen in this place.
 G = Mean time per level.
                   A        B        C        D        E       F      G
               +--------+--------+--------+--------+--------+-----+--------+
         Total |  11671 |  11089 |    582 |      3 |   8476 |  17 |  686.5 |
       Dungeon |  10935 |  10393 |    542 |      3 |   8069 |  12 |  911.2 |
        Temple |    206 |    166 |     40 |      0 |    116 |   1 |  206.0 |
  Orcish Mines |     15 |     15 |      0 |      0 |      0 |   2 |    7.5 |
       Ossuary |    156 |    156 |      0 |      0 |    106 |   1 |  156.0 |
        Bailey |    356 |    356 |      0 |      0 |    185 |   1 |  356.0 |
               +--------+--------+--------+--------+--------+-----+--------+

Top non-repeatable levels by time:
     D:5: 1293 daAuts
     D:4: 1129 daAuts
     D:3: 1084 daAuts
     D:8: 1035 daAuts
    D:10: 958 daAuts
     D:9: 894 daAuts
     D:6: 857 daAuts
     D:1: 824 daAuts
    D:12: 760 daAuts
     D:2: 746 daAuts
     D:7: 697 daAuts
    D:11: 652 daAuts
  Bailey: 356 daAuts
  Temple: 206 daAuts
 Ossuary: 156 daAuts
